 Dungeon Crawl Stone Soup version 0.29.0-10-g45618ea6d2 (webtiles) character file.

Game seed: 995258388635125007

6722 SensoryNuts the Carver (level 11, -2/67 HPs)
             Began as a Gargoyle Fighter on Sept 1, 2022.
             Slain by a yak (10 damage)
             ... on level 9 of the Dungeon.
             The game lasted 00:20:14 (13477 turns).

SensoryNuts the Carver (Gargoyle Fighter)          Turns: 13477, Time: 00:20:15

Health: -2/67      AC: 28    Str: 20    XL:     11   Next: 4%
Magic:  11/11      EV:  6    Int:  9    God:
Gold:   1859       SH:  6    Dex: 19    Spells: 10/10 levels left

rFire   . . .      SeeInvis .   x - +4 scimitar
rCold   . . .      Faith    .   c - +0 buckler
rNeg    + . .      Spirit   .   k - +1 plate armour
rPois   ∞          Reflect  .   m - +0 helmet
rElec   +          Harm     .   d - +1 cloak
rCorr   .          Rampage  .   B - +0 pair of gloves
Will    .....                   u - +0 pair of boots
Stlth   ..........              (no amulet)
HPRegen 0.21/turn               s - +6 ring of dexterity
MPRegen 0.12/turn               r - ring of flight

@: mighty, flying, hasted, very quick
A: sickness immunity, AC +8, negative energy resistance 1, electricity
resistance, torment resistance 1, petrification resistance
a: no special abilities


You were on level 9 of the Dungeon.
You visited 1 branch of the dungeon, and saw 9 of its levels.
You also visited: Bailey.

You collected 1859 gold pieces.

Inventory:

Hand Weapons
 x - a +4 scimitar (weapon)
Missiles
 a - 3 throwing nets
Armour
 c - a +0 buckler (worn)
 d - a +1 cloak (worn)
 k - a +1 plate armour (worn)
 m - a +0 helmet (worn)
 u - a +0 pair of boots (worn)
 B - a +0 pair of gloves (worn)
Jewellery
 h - an amulet of magic regeneration
 j - a ring of wizardry
 r - a ring of flight (right hand)
 s - a +6 ring of dexterity (left hand)
 t - a +6 ring of strength
Wands
 q - a wand of flame (42) (quivered)
 v - a wand of mindburst (14)
 D - a wand of roots (14)
Scrolls
 b - 3 scrolls of immolation
 e - 2 scrolls of vulnerability
 g - 2 scrolls of torment
 o - 6 scrolls of teleportation
 y - a scroll of butterflies
 A - 2 scrolls of magic mapping
 E - a scroll of identify
Potions
 f - 2 potions of curing
 i - a potion of attraction
 l - a potion of brilliance
 w - a potion of resistance
 z - a potion of mutation
 F - a potion of invisibility {unknown}


   Skills:
 + Level 7.4 Fighting
 * Level 11.8 Long Blades
 + Level 7.7 Armour
 + Level 1.5 Dodging
 + Level 0.7 Stealth
 + Level 6.3 Shields
 + Level 1.0 Evocations


You had 10 spell levels left.
You didn't know any spells.
Your spell library contained the following spells:

 Spells                   Type           Power      Damage    Failure   Level
 Freeze                   Ice            0%         1d3       100%        1
 Sting                    Tmut/Pois      0%         1d3       100%        1
 Summon Small Mammal      Summ           0%         N/A       100%        1
 Blink                    Tloc           0%         N/A       100%        2
 Poisonous Vapours        Pois/Air       0%         N/A       100%        2
 Call Canine Familiar     Summ           0%         N/A       100%        3
 Frozen Ramparts          Ice            0%         1d1       100%        3
 Lesser Beckoning         Tloc           0%         N/A       100%        3
 Summon Guardian Golem    Hex/Summ       0%         N/A       100%        3
 Hailstorm                Conj/Ice       0%         3d3       100%        4
 Olgreb's Toxic Radiance  Pois           0%         N/A       100%        4
 Manifold Assault         Tloc           0%         N/A       100%        5
 Storm Form               Tmut/Air       0%         N/A       100%        7


Dungeon Overview and Level Annotations

Branches:
Dungeon (9/15)             Temple (0/1) D:6            Lair (0/5) D:8
 Bailey (visited)
    Orc: D:9-12

Altars:
Dithmenos
Elyvilon
Gozag
Hepliaklqana
Nemelex Xobeh
Okawaru
Sif Muna
Trog
Uskayaw
Xom
Yredelemnul

Annotations:
D:8 2 transporters, styxcanada's ghost, novice SpBr


Innate Abilities, Weirdness & Mutations

You are immune to sickness and miasma.
Your stone body is resilient. (AC +8)
You are immune to poison.
You resist negative energy. (rN+)
You are resistant to electric shocks. (rElec)
You are resistant to unholy torment.
You are immune to petrification.


Message History

You hit the yak but do no damage. The yak gores you but does no damage.
You slash the yak!
The yak is moderately wounded.
The yak completely misses you.
You hit the yak.
The yak is moderately wounded.
You hit the yak.
The yak is heavily wounded.
The yak gores you!
* * * LOW HITPOINT WARNING * * *
You hit the yak.
The yak is heavily wounded.
The yak closely misses you.
You hit the yak.
The yak is severely wounded.
The yak gores you!
* * * LOW HITPOINT WARNING * * *
You slash the yak!
The yak is almost dead.
The yak gores you but does no damage.
You barely miss the yak.
The yak is almost dead.
The yak gores you but does no damage.
You feel better. The yak gores you but does no damage.
You feel very mighty all of a sudden. The yak gores you but does no damage.
You closely miss the yak.
The yak is almost dead.
The yak gores you.
* * * LOW HITPOINT WARNING * * *
You slice the yak!!
You kill the yak!
You feel yourself speed up.
You hit the yak.
The yak is lightly wounded.
The yak gores you but does no damage.
You completely miss the yak.
The yak is lightly wounded.
The yak gores you!
You die...

.....##.# #.....
#.....### #...#.
##......# #...#.
##....#.# #...#. #
#.....#.# #..... ...
.....##.#.###...#. ....#
#..###.......<....
......####....#.########
#......@Y...#...........
#.#.#####...###.###.....
(...#.....# #.....
##...##...####.....
###.##...+..'.....
#.##.....##.....
#.##...#.##.....
#...............
#..♣♣♣♣♣♣♣†#####


You could see a yak.

Vanquished Creatures
  A two-headed ogre (D:8)
  Sigmund (D:6)
  A shadow (D:6)
  A vampire (D:8)
  Grum (Bailey)
  4 yaks (D:9)
  A steam dragon (D:8)
  Menkaure (D:3)
  3 wargs (D:8)
  A water moccasin (D:8)
  An acid dragon (D:9)
  Duvessa (D:4)
  2 orc warriors
  2 black bears
  3 sky beasts
  An ogre (D:6)
  2 centaurs
  4 wolves (Bailey)
  2 phantoms
  A necrophage (D:5)
  6 bullfrogs
  8 gnoll sergeants (Bailey)
  3 scorpions
  A wight (D:6)
  Dowan (D:4)
  A howler monkey (D:4)
  5 jellies
  5 hounds
  7 orc priests
  Crazy Yiuf (D:3)
  8 gnoll boudas
  Jessica (D:3)
  4 iguanas
  2 orc wizards (D:8)
  2 hound zombies (D:5)
  Robin (D:2)
  8 adders
  25 gnolls
  3 ufetubi
  2 worms (D:2)
  3 dart slugs
  18 orcs
  7 ball pythons
  10 endoplasms
  5 giant cockroaches
  17 goblins
  11 hobgoblins
  12 kobolds
  5 quokkas
  6 bats
  3 frilled lizards
  10 rats
235 creatures vanquished.

Vanquished Creatures (others)
  An orc wizard (D:8)
  2 orcs (D:8)
  2 demonic plants (D:1)
  2 fungi (D:1)
  A plant (D:1)
  A withered plant (D:1)
9 creatures vanquished.

Grand Total: 244 creatures vanquished

Notes
Turn   | Place    | Note
-------+----------+-------------------------------------------
     0 | D:1      | SensoryNuts the Gargoyle Fighter began the quest for the
                  | Orb.
     0 | D:1      | Reached XP level 1. HP: 14/14 MP: 1/1
   209 | D:1      | Reached XP level 2. HP: 16/19 MP: 2/2
   260 | D:1      | Reached skill level 2 in Long Blades
   678 | D:1      | Found a faded altar of an unknown god.
   697 | D:1      | Reached XP level 3. HP: 24/24 MP: 3/3
  1057 | D:1      | Identified a scroll of acquirement
  1057 | D:1      | Acquired 322 gold pieces
  1144 | D:2      | Found a sparkling altar of Nemelex Xobeh.
  1612 | D:2      | Noticed Robin
  1623 | D:2      | Reached XP level 4. HP: 29/29 MP: 4/4
  1626 | D:2      | Killed Robin
  1627 | D:2      | Reached skill level 3 in Long Blades
  2015 | D:2      | Reached XP level 5. HP: 26/33 MP: 5/5
  2779 | D:3      | Reached skill level 4 in Long Blades
  2871 | D:2      | Acquired 859 gold pieces
  3272 | D:3      | Noticed Jessica
  3280 | D:3      | Killed Jessica
  3281 | D:3      | Reached XP level 6. HP: 22/38 MP: 6/6
  3448 | D:3      | Found a runed translucent door.
  3449 | D:3      | Noticed Crazy Yiuf
  3682 | D:3      | Killed Crazy Yiuf
  3954 | D:4      | Noticed a black bear
  4226 | D:4      | Noticed Duvessa
  4227 | D:4      | Noticed Dowan
  4266 | D:4      | Killed Duvessa
  4267 | D:4      | Reached skill level 5 in Long Blades
  4274 | D:4      | Killed Dowan
  4275 | D:4      | Reached XP level 7. HP: 13/43 MP: 7/7
  4476 | D:4      | Reached skill level 1 in Dodging
  4744 | D:4      | Found a hide-covered altar of Uskayaw.
  5053 | D:4      | Noticed Menkaure
  5255 | D:3      | Killed Menkaure
  5256 | D:3      | Reached skill level 6 in Long Blades
  5569 | D:5      | Entered Level 5 of the Dungeon
  5954 | D:5      | Reached XP level 8. HP: 45/48 MP: 8/8
  6518 | D:5      | Reached skill level 7 in Long Blades
  6518 | D:5      | Reached skill level 5 in Armour
  6633 | D:5      | Found a basalt altar of Yredelemnul.
  6741 | D:6      | Noticed Sigmund
  6752 | D:6      | Killed Sigmund
  6753 | D:6      | Reached skill level 5 in Fighting
  7025 | D:6      | Found a staircase to the Ecumenical Temple.
  7187 | D:6      | Reached skill level 5 in Shields
  7222 | D:6      | Reached skill level 8 in Long Blades
  7324 | D:6      | Reached XP level 9. HP: 43/54 MP: 9/9
  7833 | D:6      | Found a shimmering blue altar of Sif Muna.
  8091 | D:7      | Found a shimmering altar of Xom.
  8093 | D:7      | Found an iron altar of Okawaru.
  8095 | D:7      | Found a sparkling altar of Nemelex Xobeh.
  8106 | D:7      | Reached skill level 9 in Long Blades
  8129 | D:7      | Found a flagged portal.
  8134 | Bailey   | Entered a bailey
  9684 | Bailey   | Noticed Grum
  9710 | Bailey   | Killed Grum
  9758 | Bailey   | Reached XP level 10. HP: 61/61 MP: 10/10
  9817 | Bailey   | Reached skill level 10 in Long Blades
  9817 | Bailey   | Reached skill level 1 in Evocations
 10894 | D:7      | Found a shadowy altar of Dithmenos.
 11902 | D:8      | Found a hazy altar of Hepliaklqana.
 11908 | D:8      | Found a white marble altar of Elyvilon.
 11991 | D:8      | Found a transporter.
 11996 | D:8      | Found a transporter.
 11998 | D:8      | Found a bloodstained altar of Trog.
 11998 | D:8      | Noticed styxcanada's ghost (novice SpBr)
 11998 | D:8      | Noticed a moth of wrath
 12032 | D:8      | Found a staircase to the Lair.
 12275 | D:8      | Found a bloodstained altar of Trog.
 12347 | D:8      | Reached skill level 11 in Long Blades
 12864 | D:9      | Found an opulent altar of Gozag.
 12897 | D:9      | Noticed a two-headed ogre
 13275 | D:8      | Killed a two-headed ogre
 13454 | D:9      | Reached XP level 11. HP: 29/67 MP: 11/11
 13477 | D:9      | Slain by a yak

Illustrated notes

Levels and vault maps discovered:
D:1:      ncdulo_lavacross, layout_loops_ring, shapermc_ecumenical_altar_gd,
          minmay_tall_x
D:2:      layout_basic, basic_altar, minmay_3d_cube, uniq_robin
D:3:      layout_basic, minmay_misc_feat_enclosed, grunt_ministairs_3,
          uniq_jessica, uniq_crazy_yiuf_cottage
D:4:      layout_basic, overflow_temple_1_default, minmay_box_of_dots,
          uniq_menkaure, uniq_duvessa
D:5:      layout_rooms, lemuel_zombie_altar_yredelemnul
D:6:      minmay_angry_zag, layout_rooms, kennysheep_little_box,
          minmay_temple_entry_statues_fountains, uniq_sigmund
D:7:      layout_loops_ring, mainiacjoe_overflow_alcove_3, enter_bailey_1
D:8:      layout_basic, trog_butcher_becter, mainiacjoe_overflow_catwalk_spiral,
          erik_lair_orcish_takeover, gammafunk_ghost_wrathful_warriors,
          nzn_life_drinkers
D:9:      layout_basic, nicolae_qazlal_general_emergency,
          mainiacjoe_overflow_cross_hatched, minmay_misc_feat_iff,
          kennysheep_nondescript

Skill      XL: |  1  2  3  4  5  6  7  8  9 10 |
---------------+-------------------------------+-----
Long Blades    | 2 3 4 5 6 8 9 11 | 11.8
Fighting       | 4 5 6 7 |  7.4
Armour         | 4 5 6 7 |  7.7
Shields        | 4 5 6 |  6.3
Dodging        | 1 |  1.5
Evocations     | 1 |  1.0
Stealth        | |  0.7

Action                   |  1- 3 |  4- 6 |  7- 9 | 10-12 || total
-------------------------+-------+-------+-------+-------++-------
Melee: Long sword        |   148 |   213 |   291 |       ||   652
       Scimitar          |       |       |   136 |   245 ||   381
Throw: Throwing net      |       |       |     2 |       ||     2
Evoke: Wand              |       |       |    12 |       ||    12
  Use: Scroll            |     2 |     8 |    10 |     2 ||    22
       Potion            |     1 |     6 |     1 |     3 ||    11
Armor: Scale mail        |    73 |   135 |    64 |       ||   272
       Plate armour      |       |       |   305 |   168 ||   473
Dodge: Dodged            |    72 |   120 |   188 |    61 ||   441
Block: Buckler           |    27 |    66 |   206 |    68 ||   367
